 Dungeon Crawl Stone Soup version 0.31-a0-1424-g2add1c7226 (webtiles) character file.

Game seed: 4591142035160886900

2172 Rennog the Grappler (level 9, -1/88 HPs)
             Began as a Troll Monk on Dec 27, 2023.
             Was a Priest of Cheibriados.
             Slain by Erica
             ... wielding a +2 scimitar of flaming
              (19 damage)
             ... on level 8 of the Dungeon.
             The game lasted 00:07:31 (6037 turns).

Rennog the Grappler (Troll Monk)                    Turns: 6037, Time: 00:07:32

Health: -1/88      AC:  4    Str: 31    XL:     9   Next: 11%
Magic:  9/9        EV: 16    Int: 14    God:    Cheibriados [***...]
Gold:   450        SH:  0    Dex: 22    Spells: 8/8 levels left

rFire   . .          .
                       - Unarmed
rCold   . . .        c - orb {light}
rNeg    . . .        a - +0 robe
rPois   .            v - +0 hat
rElec   .            (no cloak)
rCorr   .            (gloves unavailable)
SInv    .            (boots unavailable)
Will    +....        (no amulet)
Stlth   +            m - +5 ring of evasion
HPRegen 1.14/turn    d - ring of willpower
MPRegen 0.11/turn

%: no passive effects
@: lethally poisoned (-1 -> -1), about to teleport, glowing, very slow
A: large, unfitting armour, claws 3, regeneration 1, shaggy fur 1, tough skin 1
a: Renounce Religion, Bend Time, Temporal Distortion


You were on level 8 of the Dungeon.
You worshipped Cheibriados.
Cheibriados was most pleased with you.
You visited 1 branch of the dungeon, and saw 8 of its levels.
You also visited: Ossuary.

You collected 450 gold pieces.

Inventory:

Armour
 a - a +0 robe (worn)
 c - an orb of light (worn)
 v - a +0 hat (worn)
Jewellery
 d - a ring of willpower (right claw)
 m - a +5 ring of evasion (left claw)
 q - a ring of resist corrosion
 A - a ring of flight
Wands
 g - a wand of digging (5)
 x - a wand of roots (10)
 y - a wand of mindburst (13)
Scrolls
 h - a scroll of poison {unknown}
 j - 3 scrolls of teleportation
 k - 2 scrolls of fog
 l - 2 scrolls of silence {unknown}
 r - a scroll of summoning {unknown}
 s - 2 scrolls of brand weapon {unknown}
 w - a scroll of enchant armour
 z - a scroll of revelation
 B - a scroll of enchant weapon
 D - 2 scrolls of vulnerability
 E - 3 scrolls of torment {unknown}
 H - 2 scrolls of fear {unknown}
 I - 2 scrolls of amnesia {unknown}
 J - a scroll of immolation
 K - a scroll of identify
Potions
 b - a potion of ambrosia
 e - 3 potions of curing {unknown}
 f - a potion of mutation {unknown}
 i - 3 potions of lignification {unknown}
 n - a potion of cancellation {unknown}
 o - a potion of attraction {unknown}
 p - 2 potions of resistance {unknown}
 t - 2 potions of invisibility {unknown}
 u - a potion of heal wounds {unknown}
 C - 2 potions of brilliance {unknown}
 F - 2 potions of enlightenment {unknown}
 G - a potion of magic {unknown}


   Skills:
 + Level 5.1 Fighting
 - Level 2.4 Dodging
 - Level 0.2 Stealth
 * Level 10.7 Unarmed Combat
 + Level 2.3 Invocations


You had 8 spell levels left.
You didn't know any spells.
Your spell library contained the following spells:

 Spells                   Type           Power      Damage    Failure   Level
 Sublimation of Blood     Necr           0%         N/A       41%         2
 Anguish                  Hex/Necr       0%         N/A       96%         4
 Dimensional Bullseye     Hex/Tloc       0%         N/A       96%         4
 Petrify                  Alch/Erth      0%         N/A       96%         4
 Irradiate                Conj/Alch      0%         3d11      100%        5
 Silence                  Hex/Air        0%         N/A       100%        5
 Summon Forest            Summ/Tloc      0%         N/A       100%        5
 Eringya's Noxious Bog    Alch           0%         4d6       100%        6
 Spellforged Servitor     Conj/Summ      0%         N/A       100%        7
 Summon Hydra             Summ           0%         N/A       100%        7


Dungeon Overview and Level Annotations

Branches:
Dungeon (8/15)             Temple (0/1) D:6         Ossuary (visited)
   Lair: D:8-11

Altars:
Ashenzari
Cheibriados
Dithmenos
Elyvilon
Fedhas
Hepliaklqana
Okawaru
Qazlal
Trog
Uskayaw
Xom
Yredelemnul

Annotations:
D:7 2 runed translucent doors, Sonofthefire's ghost, novice OpSh
D:8 Erica


Innate Abilities, Weirdness & Mutations

You are too large for most types of armour.
You have claws for hands.
Your natural rate of healing is unusually fast.
You are covered in fur. (AC +1)
You have tough skin. (AC +1)


Message History

You feel sick.
The orc priest mumbles some strange prayers to Beogh against you.
Beogh smites you! The orc closely misses you.
You are too injured to fight recklessly!
You are too injured to fight recklessly!
You are too injured to fight recklessly!
You are too injured to fight recklessly!
You are too injured to fight recklessly!
You are too injured to fight recklessly!
You are too injured to fight recklessly!
You scratch Erica but do no damage.
Erica is severely wounded.
You feel sick.
Erica says, "Fast and perfect.
Such is my way of killing."
Erica closely misses you.
The orc hits you from afar with a +0 trident.
You mangle Erica!!
Erica is almost dead.
You feel sick.
Erica hits you with a +2 scimitar of flaming!
* * * LOW HITPOINT WARNING * * *
Erica burns you.
* * * LOW HITPOINT WARNING * * *
The orc misses you.
You closely miss Erica.
Erica is almost dead.
You feel sick.
Erica hits you with a +2 scimitar of flaming.
* * * LOW HITPOINT WARNING * * *
Erica burns you.
* * * LOW HITPOINT WARNING * * *
The orc closely misses you.
The orc priest casts a cantrip, but nothing happens.
Okay, then.
Unknown command.
As you read the scroll of teleportation, it crumbles to dust.
You feel strangely unstable.
You feel sick.
Erica hits you with a +2 scimitar of flaming!!
You die...
Erica begins burbling mirthfully and uncontrollably.

#..#
#..####..######
#..............
#.#####..#####.
#..# #..# ##.#
#.# #@# #x#
......ooo.#
..........o..
..#####.#.###.#
#.#.# ..#.# #.#
# ..#


You could see Erica, 2 orc priests and an orc.

Vanquished Creatures
  A steam dragon (D:7)
  Menkaure (Ossuary)
  A water moccasin (D:6)
  An orc warrior (D:6)
  4 ogres
  A phantom (D:5)
  A kobold brigand (D:7)
  3 bullfrogs
  3 scorpions
  A bombardier beetle (D:7)
  2 hounds
  3 jellies
  2 gnoll boudas
  An orc priest (D:6)
  2 sleepcaps
  Terence (D:2)
  3 iguanas
  4 orc wizards
  5 mummies
  7 gnolls
  4 adders
  A white imp (D:6)
  4 ufetubi (D:6)
  A worm (D:2)
  19 orcs
  9 ball pythons
  6 endoplasms
  3 giant cockroaches (D:2)
  8 goblins
  12 hobgoblins
  6 jackals
  6 kobolds
  4 quokkas
  7 bats
  8 frilled lizards
  2 gnoll skeletons (Ossuary)
  4 gnoll zombies (Ossuary)
  4 goblin skeletons (Ossuary)
  3 goblin zombies (Ossuary)
  7 hobgoblin skeletons (Ossuary)
  4 hobgoblin zombies (Ossuary)
  4 kobold skeletons (Ossuary)
  7 kobold zombies (Ossuary)
  4 orc skeletons (Ossuary)
  4 orc zombies (Ossuary)
  6 rats
  4 rat skeletons (Ossuary)
  3 rat zombies (Ossuary)
201 creatures vanquished.

Notes
Turn   | Place    | Note
-------+----------+-------------------------------------------
     0 | D:1      | Rennog the Troll Monk began the quest for the Orb.
     0 | D:1      | Reached XP level 1. HP: 22/22 MP: 0/0
   131 | D:1      | Reached XP level 2. HP: 29/29 MP: 1/1
   268 | D:1      | Reached XP level 3. HP: 36/36 MP: 2/2
   308 | D:1      | Reached skill level 4 in Unarmed Combat
   834 | D:2      | Noticed Terence
   842 | D:2      | Killed Terence
   843 | D:2      | Reached XP level 4. HP: 44/44 MP: 3/3
  1357 | D:3      | Reached skill level 5 in Unarmed Combat
  1454 | D:3      | Found a shadowy altar of Dithmenos.
  1568 | D:3      | Reached XP level 5. HP: 52/52 MP: 4/4
  2120 | D:4      | Found a shimmering altar of Xom.
  2126 | D:4      | Found the +5 woodcutter's axe
  2367 | D:4      | Found a hide-covered altar of Uskayaw.
  2431 | D:4      | Found a broken altar of Ashenzari.
  2479 | D:4      | Reached skill level 6 in Unarmed Combat
  2577 | D:4      | Found a bloodstained altar of Trog.
  2580 | D:4      | Found a hazy altar of Hepliaklqana.
  2626 | D:4      | Found a stormy altar of Qazlal.
  2751 | D:5      | Entered Level 5 of the Dungeon
  2751 | D:5      | Noticed an ogre
  2761 | D:5      | Killed an ogre
  2762 | D:5      | Reached XP level 6. HP: 61/61 MP: 5/5
  2934 | D:5      | Found a basalt altar of Yredelemnul.
  2982 | D:5      | Found a snail-covered altar of Cheibriados.
  2994 | D:5      | Became a worshipper of Cheibriados the Contemplative
  2994 | D:5      | Reached * piety under Cheibriados
  2994 | D:5      | Reached ** piety under Cheibriados
  3033 | D:5      | Reached skill level 7 in Unarmed Combat
  3126 | D:5      | Identified the +0 ring mail of the Lily {Str+3}
  3335 | D:5      | Reached XP level 7. HP: 67/67 MP: 6/6
  3445 | D:5      | Reached skill level 8 in Unarmed Combat
  3733 | D:6      | Got the Volume of Entranced Conflict
  3784 | D:6      | Found a staircase to the Ecumenical Temple.
  3993 | D:6      | Reached skill level 9 in Unarmed Combat
  3993 | D:6      | Reached XP level 8. HP: 24/78 MP: 7/7
  4087 | D:6      | Found a blossoming altar of Fedhas.
  4091 | D:6      | Reached *** piety under Cheibriados
  4135 | D:6      | Found a white marble altar of Elyvilon.
  4668 | D:7      | Found a sand-covered staircase.
  4674 | Ossuary  | Entered an ossuary
  5016 | Ossuary  | Noticed Menkaure
  5020 | Ossuary  | Killed Menkaure
  5021 | Ossuary  | Reached skill level 10 in Unarmed Combat
  5034 | Ossuary  | Reached skill level 1 in Invocations
  5174 | D:7      | Reached skill level 5 in Fighting
  5197 | D:7      | Reached XP level 9. HP: 88/88 MP: 9/9
  5385 | D:7      | Found an iron altar of Okawaru.
  5701 | D:7      | Found a large runed translucent door.
  5701 | D:7      | Noticed Sonofthefire's ghost (novice OpSh)
  5702 | D:7      | Found a large runed translucent door.
  6026 | D:8      | Noticed Erica
  6037 | D:8      | Slain by Erica

Illustrated notes

Levels and vault maps discovered:
D:1:      minmay_arrival_semitransparent, layout_rooms
D:2:      layout_basic, uniq_crazy_yiuf_cottage, uniq_terence
D:3:      layout_basic, nicolae_dithmenos_through_a_glass_darkly, minivault_26
D:4:      layout_rooms, mainiacjoe_overflow_alcove_4,
          ashenzari_conservatory_becter, amcnicky_altar_gilded,
          nicolae_overflow_hidden_temple, jmf_multi_god_temple2
D:5:      layout_basic, yredelemnul_altar_generic, slow_altar_1, st_stairs_6
D:6:      corexii_shack_village, layout_loops_corners, kennysheep_little_box,
          mainiacjoe_overflow_brackets, minmay_temple_entry_mini_moons
D:7:      layout_gridville, kennysheep_okawaru_gauntlet,
          gup_ossuary_entry_pyramid, ebering_ghost_disaster_area, st_stairs_9
D:8:      layout_basic, grunt_temple_overflow_gold_and_silver,
          palyth_temple_overflow_mages, feat_on_display, uniq_erica,
          uniq_prince_ribbit1

Skill      XL: |  1  2  3  4  5  6  7  8 |
---------------+-------------------------+-----
Unarmed Combat | 4 5 6 7 9 10 | 10.7
Fighting       | 3 5 |  5.1
Invocations    | 2 |  2.3
Dodging        | |  2.4
Stealth        | |  0.2

Action                     |  1- 3 |  4- 6 |  7- 9 || total
---------------------------+-------+-------+-------++-------
  Melee: Unarmed           |   105 |    81 |   203 ||   389
    Use: Scroll            |       |       |     8 ||     8
 Armour: Robe              |    70 |    21 |    97 ||   188
  Dodge: Dodged            |    72 |    37 |   163 ||   272

Table legend: (Time is in decaauts)
 A = Elapsed time spent in this place.
 B = Non-inter-level travel time spent in this place.
 C = Inter-level travel time spent in this place.
 D = Time resting spent in this place.
 E = Time spent auto-exploring this place.
 F = Levels seen in this place.
 G = Mean time per level.
                   A        B        C        D        E       F      G
               +--------+--------+--------+--------+--------+-----+--------+
         Total |   7447 |   6928 |    519 |     29 |   5757 |   9 |  827.4 |
       Dungeon |   6900 |   6381 |    519 |      0 |   5444 |   8 |  862.5 |
       Ossuary |    546 |    546 |      0 |     29 |    313 |   1 |  546.0 |
               +--------+--------+--------+--------+--------+-----+--------+

Top non-repeatable levels by time:
     D:7: 1565 daAuts
     D:6: 1366 daAuts
     D:5: 1201 daAuts
     D:3: 951 daAuts
     D:2: 716 daAuts
     D:4: 646 daAuts
 Ossuary: 546 daAuts
     D:1: 421 daAuts
     D:8: 30 daAuts
